 Dungeon Crawl Stone Soup version 0.28.0-43-g3370ac3207 (webtiles) character file.

Game seed: 10591120185069827448

46 Romesagentofchaos the Chopper (level 3, 0/33 HPs)
             Began as a Hill Orc Monk on Mar 24, 2022.
             Was a Priest of Lugonu.
             Slain by a white imp (2 damage)
             ... summoned by Natasha
             ... on level 2 of the Dungeon.
             The game lasted 00:03:16 (1088 turns).

Romesagentofchaos the Chopper (Hill Orc Monk)       Turns: 1088, Time: 00:03:17

Health: 0/33       AC:  2    Str: 15    XL:     3   Next: 68%
Magic:  3/3        EV: 12    Int: 10    God:    Lugonu [***...]
Gold:   48         SH:  0    Dex: 13    Spells: 2/2 levels left

rFire   . . .      SeeInvis +   a - +0 hand axe
rCold   . . .      Faith    .   (no shield)
rNeg    . . .      Spirit   .   b - +0 robe
rPois   .          Reflect  .   (no helmet)
rElec   .          Harm     .   (no cloak)
rCorr   .          Rampage  .   (no gloves)
Will    .....                   (no boots)
Stlth   ++........              (no amulet)
HPRegen 0.11/turn               e - ring of see invisible
MPRegen 0.08/turn               (no ring)

@: no status effects
A: no striking features
a: Renounce Religion, Depart the Abyss, Bend Space, Banish


You were on level 2 of the Dungeon.
You worshipped Lugonu.
Lugonu was most pleased with you.
You visited 1 branch of the dungeon, and saw 2 of its levels.

You collected 48 gold pieces.

Inventory:

Hand Weapons
 a - a +0 hand axe (weapon)
Missiles
 c - 11 boomerangs of dispersal (quivered)
Armour
 b - a +0 robe (worn)
Jewellery
 e - a ring of see invisible (left hand)
Scrolls
 d - a scroll of fog


   Skills:
 + Level 4.1 Fighting
 + Level 4.9 Axes
 + Level 2.7 Dodging
 + Level 1.9 Stealth


You had 2 spell levels left.
You didn't know any spells.
Your spell library was empty.

Dungeon Overview and Level Annotations

Branches:
Dungeon (2/15)

Altars:
Lugonu

Annotations:
D:2 Natasha


Message History

The ball python bites you. The ball python constricts you.
You barely miss the ball python. The ball python misses you.
The ball python constricts you.
You slash the ball python!
You kill the ball python!
Lugonu accepts your kill.
You see here a ball python corpse.
Found a stone staircase leading up.
Natasha, Servant of Life and Death comes into view.
Natasha hisses angrily.
Natasha misses you.
You hit Natasha.
Natasha is lightly wounded.
Natasha casts a spell at you. The magic dart hits you!
You hit Natasha.
Natasha is moderately wounded.
Natasha mumbles some strange words.
You slash Natasha!
Natasha is severely wounded.
You closely miss the white imp.
Natasha mumbles some strange words.
The white imp closely misses you.
You closely miss Natasha.
Natasha is severely wounded.
You closely miss the white imp. You hit the white imp. Natasha claws you!
The white imp closely misses you. x2
You barely miss Natasha.
Natasha is severely wounded.
You hit the white imp. x2; Natasha claws you.
The white imp hits you. The white imp freezes you.
The white imp gestures at you. The puff of frost hits you!
* * * LOW HITPOINT WARNING * * *
You miss Natasha.
Natasha is severely wounded.
You hit the white imp but do no damage. You hit the white imp.
Natasha mumbles some strange words.
The white imp closely misses you. The white imp hits you.
You die...

****************,**
#.,,,,,,,,,,,,,*,**
#.************,*,**
#.* *,*,** #.*
*,#.##
********###.##
*,#.#)
*,,,,,,,,....#
#.#...
*,********#5h#
#.#... *,* #5@#
#.##.. *,*
#####5.#########
#.#*#. *,*
#<.............#
#.# *# *,*
#.###..#######.#
#.#### *,* *,* #..#
#.###..... *,* *,*
#..# #....†.... *,*
**,**#..#
##########
*,****,,,,...#
##.##.
*,,,,,,,,....#
#....§


You could see Natasha, a crimson imp (summoned) and 2 white imps.

Vanquished Creatures
  Natasha (D:2)
  A dart slug (D:1)
  4 ball pythons
  An endoplasm (D:2)
  A giant cockroach (D:1)
  3 hobgoblins
  A kobold (D:2)
  4 bats
  A frilled lizard (D:2)
  2 rats (D:1)
19 creatures vanquished.

Notes
Turn   | Place    | Note
-------+----------+-------------------------------------------
     0 | D:1      | Romesagentofchaos the Hill Orc Monk began the quest for the
                  | Orb.
     0 | D:1      | Reached XP level 1. HP: 19/19 MP: 1/1
   298 | D:1      | Found a faded altar of an unknown god.
   356 | D:1      | Prayed at the altar of an unknown god.
   356 | D:1      | Became a worshipper of Lugonu the Unformed
   356 | D:1      | Reached * piety under Lugonu
   356 | D:1      | Reached ** piety under Lugonu
   356 | D:1      | Reached *** piety under Lugonu
   380 | D:1      | Reached XP level 2. HP: 23/27 MP: 2/2
   966 | D:2      | Noticed Natasha
   978 | D:2      | Killed Natasha
   979 | D:2      | Reached XP level 3. HP: 25/33 MP: 3/3
  1080 | D:2      | Noticed Natasha
  1088 | D:2      | Slain by a white imp

Illustrated notes

Levels and vault maps discovered:
D:1:      dpeg_arrival_windows_large_door, layout_loops_ring,
          ebering_ecumenical_altar_mist
D:2:      layout_loops_ring, serial_bayou_lagoon_a, grunt_decor_cap,
          serial_park_tiny_2, minmay_octomino_j4, uniq_natasha

Skill      XL: |  1  2 |
---------------+-------+-----
Fighting       | 4 |  4.1
Axes           | |  4.9
Dodging        | |  2.7
Stealth        | |  1.9

Action                   || total
-------------------------++-------
Melee: Hand axe          ||    45
Throw: Boomerang         ||     1
  Use: Scroll            ||     4
 Stab: Sleeping          ||     1
Armor: Robe              ||     8
Dodge: Dodged            ||    35
